[Event "Titled Tuesday Blitz August 22 Late 2023"]
[White "Kuzmicz, Krystian"]
[Black "Hakobyan, Aram"]
[WhiteFideId "1119125"]
[BlackFideId "13306677"]
[WhiteElo "2744"]
[BlackElo "2993"]
[Result "0-1"]
[Round "9"]
[TimeControl "180+1"]
[Date "2023.08.22"]
[WhiteClock "0:00:05"]
[BlackClock "0:00:09"]
[Board "14"]

1. e4 c5 2. d3 Nc6 3. g3 g6 4. Bg2 Bg7 5. f4 e6 6. Nf3 Nge7 7. O-O O-O 8. c3 d6 9. Be3 b5 10. d4 cxd4 11. cxd4 b4 12. Nbd2 a5 13. e5 Nd5 14. Bf2 Ba6 15. Re1 Rc8 16. Ne4 dxe5 17. dxe5 Qc7 18. Rc1 Rfd8 19. Nd6 Rxd6 20. exd6 Qxd6 21. Nd4 Nce7 22. Rxc8+ Bxc8 23. Qa4 Bf6 24. Qxa5 Kg7 25. Nb5 Qd7 26. Bd4 Nc6 27. Bxf6+ Nxf6 28. Qb6 Qd2 29. Qf2 Qd7 30. Rc1 Ne7 31. Qc5 Nf5 32. Qe5 Qd2 33. Re1 Kg8 34. Qe2 Qd8 35. Qf2 Ng4 36. Qc5 Qd2 37. Qxc8+ Kg7 38. Qc1 Qf2+ 39. Kh1 Nfe3 40. Rg1 Qe2 41. h3 Nf2+ 42. Kh2 Qh5 43. Qe1 Neg4# 0-1


[Site "https://www.chess.com"]

[Event "Titled Tuesday Blitz August 22 Late 2023"]
[White "Svane, Rasmus"]
[Black "Kushko, Dmitriy"]
[WhiteFideId "4657101"]
[BlackFideId "14162261"]
[WhiteElo "2982"]
[BlackElo "2770"]
[Result "1-0"]
[Round "9"]
[TimeControl "180+1"]
[Date "2023.08.22"]
[WhiteClock "0:01:14"]
[BlackClock "0:00:03"]
[Board "15"]

1. Nf3 g6 2. e4 Bg7 3. d4 d6 4. Bd3 Nc6 5. d5 Ne5 6. Nxe5 Bxe5 7. O-O Bg7 8. c4 Nf6 9. Nc3 O-O 10. Bg5 c6 11. Qd2 e5 12. dxe6 Bxe6 13. Kh1 Qa5 14. f4 Rae8 15. Rae1 Bc8 16. h3 Nd7 17. Bc2 Nb6 18. Bb3 Qc5 19. f5 gxf5 20. Be3 Nxc4 21. Bxc4 Qxc4 22. exf5 Bxc3 23. bxc3 f6 24. Bh6 Qd5 25. Qxd5+ cxd5 26. Bxf8 Kxf8 27. Rxe8+ Kxe8 28. g4 Kd7 29. Kg2 b6 30. Kg3 Ba6 31. Re1 Bc4 32. a3 d4 33. cxd4 Kc6 34. Kf4 a5 35. h4 b5 36. g5 fxg5+ 37. hxg5 b4 38. axb4 axb4 39. g6 hxg6 40. fxg6 b3 41. g7 Kb5 42. Re8 Kb4 43. g8=Q Bxg8 44. Rxg8 Kc3 45. d5 b2 46. Rb8 Kc2 47. Kf5 1-0


[Site "https://www.chess.com"]

[Event "Titled Tuesday Blitz August 22 Late 2023"]
[White "Vasquez Schroeder, Rodrigo"]
[Black "Tatarinov, Dmitry"]
[WhiteFideId "3400042"]
[BlackFideId "24160067"]
[WhiteElo "2971"]
[BlackElo "2697"]
[Result "1-0"]
[Round "9"]
[TimeControl "180+1"]
[Date "2023.08.22"]
[WhiteClock "0:01:49"]
[BlackClock "0:00:26"]
[Board "16"]

1. e4 c5 2. Nf3 Nc6 3. d4 cxd4 4. Nxd4 Nf6 5. Nc3 e5 6. Ndb5 d6 7. Bg5 a6 8. Na3 b5 9. Nd5 Be7 10. Bxf6 Bxf6 11. c3 O-O 12. Nc2 Rb8 13. Be2 a5 14. O-O Be6 15. Qd3 Bg5 16. Rfd1 Ne7 17. Nde3 Bxe3 18. Nxe3 Rb6 19. Rd2 Qc7 20. Bg4 Bxg4 21. Nxg4 d5 22. exd5 Rd8 23. Qg3 Rxd5 24. Rxd5 Nxd5 25. Qxe5 Qxe5 26. Nxe5 Re6 27. Nf3 b4 28. c4 Nf4 29. Rd1 Kf8 30. g3 Ne2+ 31. Kf1 a4 32. Re1 Rf6 33. Kxe2 1-0


[Site "https://www.chess.com"]

[Event "Titled Tuesday Blitz August 22 Late 2023"]
[White "Zhigalko, Sergei"]
[Black "Arias, Juan Cruz"]
[WhiteFideId "13502956"]
[BlackFideId "118540"]
[WhiteElo "2957"]
[BlackElo "2694"]
[Result "1-0"]
[Round "9"]
[TimeControl "180+1"]
[Date "2023.08.22"]
[WhiteClock "0:00:02"]
[BlackClock "0:00:00"]
[Board "17"]

1. e4 c6 2. d4 d5 3. e5 c5 4. Nf3 cxd4 5. Qxd4 Nc6 6. Qf4 e6 7. Bd3 Nb4 8. O-O Nxd3 9. cxd3 Ne7 10. Nc3 Bd7 11. Ne2 Qb6 12. Ned4 Ng6 13. Qg3 Be7 14. Be3 Qa6 15. h4 h5 16. Rfd1 Bb5 17. Bg5 O-O 18. Bxe7 Nxe7 19. Ng5 Nf5 20. Nxf5 exf5 21. a4 Bd7 22. Qf3 Qg6 23. Qxd5 Bc6 24. Qc4 Rad8 25. f3 Bd5 26. Qf4 Rfe8 27. Rac1 Qb6+ 28. d4 Qxb2 29. Qxf5 g6 30. Qf4 Qb6 31. Kh2 Rc8 32. Kg3 a5 33. Ne4 Bxe4 34. Qxe4 Qb3 35. Rxc8 Rxc8 36. Rb1 Qxa4 37. e6 Rc7 38. e7 Qe8 39. Re1 a4 40. d5 Rd7 41. Qe5 a3 42. d6 b5 43. Qxb5 a2 44. Qxd7 1-0


[Site "https://www.chess.com"]

[Event "Titled Tuesday Blitz August 22 Late 2023"]
[White "Saif, Malek"]
[Black "Sargsyan, Shant"]
[WhiteFideId "8104220"]
[BlackFideId "13306766"]
[WhiteElo "2682"]
[BlackElo "2927"]
[Result "0-1"]
[Round "9"]
[TimeControl "180+1"]
[Date "2023.08.22"]
[WhiteClock "0:00:10"]
[BlackClock "0:00:38"]
[Board "18"]

1. e4 g6 2. d4 Nf6 3. Nc3 d5 4. e5 Ne4 5. Nxe4 dxe4 6. c3 Bg7 7. Ne2 O-O 8. Ng3 c5 9. Nxe4 cxd4 10. cxd4 Nc6 11. Be3 Qa5+ 12. Qd2 Qxd2+ 13. Nxd2 Rd8 14. Nf3 Bg4 15. Rd1 Nb4 16. a3 Nc2+ 17. Ke2 Rac8 18. h3 Bxf3+ 19. Kxf3 Bxe5 20. Bd3 Nxd4+ 21. Bxd4 Bxd4 22. Be4 b6 23. Rd2 f5 24. Bb1 e5 25. g4 e4+ 26. Ke2 Be5 27. gxf5 gxf5 28. Ba2+ Kg7 29. Rhd1 Rxd2+ 30. Rxd2 Kf6 31. Bb3 Kg5 32. Rd7 Bxb2 33. Rxh7 Rc3 34. Be6 Rxa3 35. Rf7 Rf3 36. Rxa7 Bd4 37. Rd7 Bc5 38. Rd5 Rxf2+ 39. Ke1 Kf6 40. Bc8 e3 41. h4 Bb4+ 42. Kd1 e2+ 43. Kc1 e1=Q+ 44. Rd1 Qc3+ 45. Kb1 Qb2# 0-1


[Site "https://www.chess.com"]

[Event "Titled Tuesday Blitz August 22 Late 2023"]
[White "Postlmayer, Jakob"]
[Black "Dominguez Perez, Leinier"]
[WhiteFideId "1643622"]
[BlackFideId "3503240"]
[WhiteElo "2623"]
[BlackElo "2924"]
[Result "0-1"]
[Round "9"]
[TimeControl "180+1"]
[Date "2023.08.22"]
[WhiteClock "0:01:17"]
[BlackClock "0:01:30"]
[Board "19"]

1. d4 Nf6 2. Nf3 d5 3. e3 c5 4. dxc5 e6 5. b4 a5 6. c3 axb4 7. cxb4 b6 8. Bb5+ Bd7 9. Bxd7+ Nbxd7 10. a4 bxc5 11. b5 Bd6 12. O-O O-O 13. Bb2 Qb8 14. Nc3 c4 15. h3 Nc5 16. Nd4 Nd3 17. Qc2 Rc8 18. Ba3 Bxa3 19. Rxa3 e5 20. Nc6 Qd6 21. Rd1 Qxa3 22. Rb1 Qd6 23. e4 dxe4 24. Nd1 Rxc6 25. bxc6 Qxc6 26. Ra1 g6 27. Ne3 c3 28. Ra3 Nb4 29. Qxc3 Qxc3 30. Rxc3 Rxa4 31. Kh2 Ra2 0-1


[Site "https://www.chess.com"]

[Event "Titled Tuesday Blitz August 22 Late 2023"]
[White "Kamsky, Gata"]
[Black "Geivondian, Arman"]
[WhiteFideId "2000024"]
[BlackFideId "24102032"]
[WhiteElo "2919"]
[BlackElo "2552"]
[Result "1/2-1/2"]
[Round "9"]
[TimeControl "180+1"]
[Date "2023.08.22"]
[WhiteClock "0:00:25"]
[BlackClock "0:00:22"]
[Board "20"]

1. d4 Nf6 2. Bf4 e6 3. e3 c5 4. c3 Nc6 5. Nd2 d5 6. Ngf3 Bd6 7. Bg3 O-O 8. Bd3 Qe7 9. Ne5 Bxe5 10. dxe5 Nd7 11. f4 f6 12. Nf3 fxe5 13. fxe5 c4 14. Bc2 Nc5 15. O-O Bd7 16. Bh4 Qe8 17. Bg3 Qh5 18. b4 Nd3 19. Bxd3 cxd3 20. Qxd3 Be8 21. c4 Bg6 22. Qb3 Be4 23. cxd5 Bxd5 24. Qc3 Rac8 25. b5 Ne7 26. Qa3 Nf5 27. Rac1 Rxc1 28. Qxc1 Qe8 29. a4 a6 30. Qc5 axb5 31. axb5 Qg6 32. Nh4 Qg5 33. Nxf5 Rxf5 34. Rxf5 Qxf5 35. Qc1 h6 36. h3 Qd3 37. Qb2 Qxe3+ 38. Kh2 Qb6 39. Bf2 Qc7 40. b6 Qf7 41. Be3 Qf5 42. Qd4 Qf1 43. Qg4 h5 44. Qg3 Qf5 45. Qg5 Qe4 46. h4 Qc2 47. Bd4 Qe2 48. Bc5 Qg4 49. Qxg4 hxg4 50. Kg3 Kh7 51. Kxg4 Kg6 52. g3 Be4 53. Kf4 Bd5 54. Bd6 Bc6 55. Bc7 Bd5 56. Bd6 Bc6 57. g4 Bd5 58. h5+ Kh7 59. Kg5 Be4 60. Bf8 Bf3 61. Kf4 Bd1 62. Kg5 Bc2 63. Kh4 Bd1 64. g5 g6 65. h6 Be2 66. Be7 Bf3 67. Bf6 Bc6 68. Kg3 Bd5 69. Kf4 Bc6 70. Ke3 Bd5 71. Kd4 Bc6 72. Kc5 Bd5 73. Kd6 Kg8 74. Kd7 Kh7 75. Ke7 Bc4 76. Kf7 Bd5 77. Be7 Bc4 78. Bd6 Bd5 79. Kf6 Bc4 80. Bc5 Bb3 81. Bd6 Ba2 82. Ke7 Bb3 83. Kd7 Bc4 84. Kc7 Bd5 85. Kc8 Bc6 86. Be7 Bd5 87. Bf6 Bc6 88. Kc7 Bd5 89. Kd6 Bc4 90. Ke7 Bd5 91. Kf7 Bc4 92. Ke7 Bd5 93. Kd6 1/2-1/2


[Site "https://www.chess.com"]

[Event "Titled Tuesday Blitz August 22 Late 2023"]
[White "Glavina, Pablo"]
[Black "Makarian, Rudik"]
[WhiteFideId "100234"]
[BlackFideId "44105681"]
[WhiteElo "2562"]
[BlackElo "2916"]
[Result "1-0"]
[Round "9"]
[TimeControl "180+1"]
[Date "2023.08.22"]
[WhiteClock "0:00:03"]
[BlackClock "0:00:00"]
[Board "21"]

1. c4 e6 2. g3 d5 3. Bg2 Nf6 4. Nf3 dxc4 5. Qa4+ Bd7 6. Qxc4 c5 7. Ne5 Qc8 8. O-O Nc6 9. Nxd7 Qxd7 10. Nc3 Rc8 11. d3 Be7 12. Be3 O-O 13. Rfd1 h6 14. h3 Nd4 15. a4 Nc2 16. Rac1 Nxe3 17. fxe3 Qc7 18. g4 Rfd8 19. Nb5 Qb8 20. Qf4 e5 21. Qf3 e4 22. dxe4 a6 23. Nc3 Bd6 24. Nd5 Bh2+ 25. Kh1 Be5 26. Ne7+ Kf8 27. Nxc8 Rxc8 28. b3 b6 29. h4 g6 30. g5 hxg5 31. hxg5 Nh7 32. Qg4 Rd8 33. Bf3 Kg7 34. Kg2 Qc7 35. Qh4 Kg8 36. Rh1 Nf8 37. Rcd1 Rxd1 38. Rxd1 b5 39. axb5 axb5 40. Qe1 c4 41. bxc4 bxc4 42. Qd2 c3 43. Qd8 Qc5 44. Qd5 Qe7 45. Qd8 Qc5 46. Qd5 Qc7 47. Qd8 Qc6 48. Qd5 c2 49. Rc1 Qc7 50. Kh3 Bb2 51. Qd2 Bxc1 52. Qxc1 Nd7 53. e5 Nxe5 54. Be4 Qc8+ 55. Kh2 Qg4 56. Qxc2 Qh4+ 57. Kg2 Qxg5+ 58. Kf1 Qxe3 59. Qc8+ Kg7 60. Bd3 Qf4+ 61. Ke1 Nxd3+ 62. exd3 Qe3+ 63. Kf1 Qxd3+ 64. Kg2 Qe4+ 65. Kg1 Qe5 66. Qc6 Qd4+ 67. Kh1 Qf6 68. Qc7 g5 69. Qc4 Qh6+ 70. Kg1 Qe6 71. Qc3+ Qf6 72. Qc4 Qe5 73. Kg2 Kg6 74. Qa6+ Qf6 75. Qc8 Kg7 76. Qe8 1-0


[Site "https://www.chess.com"]

[Event "Titled Tuesday Blitz August 22 Late 2023"]
[White "Santos Latasa, Jaime"]
[Black "Dourerassou, Jonathan"]
[WhiteFideId "2293307"]
[BlackFideId "628050"]
[WhiteElo "2953"]
[BlackElo "2710"]
[Result "1-0"]
[Round "9"]
[TimeControl "180+1"]
[Date "2023.08.22"]
[WhiteClock "0:00:29"]
[BlackClock "0:00:13"]
[Board "22"]

1. Nf3 c5 2. c4 Nf6 3. Nc3 g6 4. d4 cxd4 5. Nxd4 Bg7 6. e4 O-O 7. Be3 d6 8. f3 Nbd7 9. Qd2 Nc5 10. O-O-O Bd7 11. g4 Qa5 12. Kb1 Rfd8 13. h4 Na4 14. Nde2 Rac8 15. g5 Nh5 16. Nd5 Qxd2 17. Rxd2 Kf8 18. Bxa7 Nxb2 19. Rxb2 Bxb2 20. Kxb2 Rxc4 21. Nec3 Rcc8 22. Bb6 Re8 23. Bd3 e6 24. Nc7 Re7 25. N7b5 Nf4 26. Rd1 d5 27. e5 Nxd3+ 28. Rxd3 Rc4 29. a3 Kg7 30. Bd8 Re8 31. Bf6+ Kf8 32. Nd6 Rxh4 33. Nxe8 Kxe8 34. Rd2 h5 35. gxh6 Rxh6 36. f4 Rh3 37. Ne2 Bb5 38. Nd4 Bc4 39. Rc2 Kd7 40. Rc3 Rh2+ 41. Nc2 Rf2 42. Bg5 b5 43. Kc1 Kc6 44. Nb4+ Kb6 45. Rh3 d4 46. Kd1 Ka5 47. Nc6+ Ka4 48. Nxd4 Bf1 49. Ke1 Bxh3 50. Kxf2 Kxa3 51. Nxb5+ Kb4 52. Nd6 Kc5 53. Nxf7 Kd5 54. Nh6 Kc5 55. Be7+ Kc6 56. Kg3 Bf1 57. Kh4 Bd3 58. Kg5 Kd5 59. Bf6 Ke4 60. Nf7 Kf3 61. Nh8 Bf5 62. Nxg6 Bxg6 63. Kxg6 Kxf4 64. Kf7 1-0


[Site "https://www.chess.com"]

[Event "Titled Tuesday Blitz August 22 Late 2023"]
[White "Troff, Kayden"]
[Black "Holt, Conrad"]
[WhiteFideId "2047896"]
[BlackFideId "2034387"]
[WhiteElo "2753"]
[BlackElo "2916"]
[Result "1-0"]
[Round "9"]
[TimeControl "180+1"]
[Date "2023.08.22"]
[WhiteClock "0:00:16"]
[BlackClock "0:00:07"]
[Board "23"]

1. d4 d5 2. Nf3 Nf6 3. Bf4 Nh5 4. Be5 Nd7 5. e3 e6 6. Bd3 Nxe5 7. dxe5 g6 8. Nc3 Bd7 9. g4 Ng7 10. e4 c6 11. Qd2 h5 12. g5 Qa5 13. a3 Be7 14. h4 O-O 15. O-O Qb6 16. Rab1 Rfd8 17. Rfd1 Be8 18. Qf4 c5 19. Bf1 Bc6 20. Bg2 d4 21. Ne2 Bb5 22. Bf1 Qa6 23. Ng3 Bxf1 24. Nxf1 Ne8 25. Ng3 Nc7 26. Kh2 Nb5 27. Nxh5 gxh5 28. g6 fxg6 29. Rg1 Kg7 30. Rxg6+ Kxg6 31. Rg1+ Kh7 32. Qf7+ Kh8 33. Qg7# 1-0


[Site "https://www.chess.com"]

[Event "Titled Tuesday Blitz August 22 Late 2023"]
[White "Rustemov, Alexander"]
[Black "Mendez Fortes, Eduardo Jesus"]
[WhiteFideId "4119002"]
[BlackFideId "3502376"]
[WhiteElo "2869"]
[BlackElo "2656"]
[Result "0-1"]
[Round "9"]
[TimeControl "180+1"]
[Date "2023.08.22"]
[WhiteClock "0:00:00"]
[BlackClock "0:00:05"]
[Board "24"]

1. d4 Nf6 2. c4 e6 3. Nf3 d5 4. cxd5 exd5 5. Nc3 Bb4 6. Qa4+ Nc6 7. Bg5 h6 8. Bxf6 Qxf6 9. e3 O-O 10. Be2 Bf5 11. O-O Rfd8 12. Rfc1 a6 13. a3 Bf8 14. b4 Ne7 15. Qb3 c6 16. a4 Ng6 17. b5 Bd6 18. bxc6 bxc6 19. a5 Rdb8 20. Qd1 Rb2 21. Na4 Rb4 22. Nb6 Ra7 23. Qd2 Rb3 24. Qd1 Rb4 25. h3 h5 26. Bd3 Bxd3 27. Qxd3 Rb5 28. Qd1 Bc7 29. Na4 Rxa5 30. Nc5 Rxa1 31. Rxa1 a5 32. Qa4 Qd6 33. Kf1 Ne7 34. Nd3 f6 35. Rc1 Rb7 36. g3 Qd7 37. Kg2 Qd6 38. h4 Rb5 39. Rc2 Nc8 40. Nf4 Nb6 41. Qa1 a4 42. Nxh5 a3 43. Nf4 Nc4 44. Nd3 Rb3 45. Nfe1 Ba5 46. Nc5 Rb2 47. Ncd3 Bxe1 48. Nxe1 Qb4 49. Qd1 Rb1 50. Qh5 Rxe1 51. Qe8+ Qf8 52. Qxc6 Qd8 53. h5 Rb1 54. h6 Rb2 55. Rc1 Nxe3+ 56. Kh3 Nc4 57. Re1 Rb8 58. Qe6+ Kh8 59. hxg7+ Kxg7 60. Qg4+ Kf8 61. Qh5 Qd7+ 62. Kg2 Qg7 63. Qxd5 Qf7 64. Qf5 Qb7+ 65. d5 Qf7 66. d6 a2 67. d7 Rd8 68. Qc5+ Kg7 0-1


[Site "https://www.chess.com"]

[Event "Titled Tuesday Blitz August 22 Late 2023"]
[White "Di Berardino, Diego Rafael"]
[Black "Durarbayli, Vasif"]
[WhiteFideId "2105446"]
[BlackFideId "13402935"]
[WhiteElo "2652"]
[BlackElo "2862"]
[Result "1-0"]
[Round "9"]
[TimeControl "180+1"]
[Date "2023.08.22"]
[WhiteClock "0:00:25"]
[BlackClock "0:01:03"]
[Board "25"]

1. d4 Nf6 2. c4 g6 3. Nc3 d5 4. cxd5 Nxd5 5. e4 Nxc3 6. bxc3 Bg7 7. Nf3 O-O 8. Be2 b6 9. O-O Bb7 10. Qd3 e6 11. h4 c5 12. h5 cxd4 13. cxd4 Nd7 14. h6 Bh8 15. e5 f5 16. Bg5 Qe8 17. Rfc1 Rc8 18. Rxc8 Qxc8 19. Rc1 Qb8 20. Qb3 Kf7 21. Bc4 Re8 22. Bf4 Nf8 23. Ng5+ Kg8 24. Nxe6 b5 25. Ng5+ bxc4 26. Qxc4+ Ne6 27. Nxe6 Rc8 28. Nc7+ Kf8 29. e6 Bf6 30. Bd6+ Be7 31. Qc5 Rxc7 32. Bxc7 Bxc5 33. Bxb8 Bxd4 34. Bd6+ Ke8 35. Rc7 1-0


[Site "https://www.chess.com"]

[Event "Titled Tuesday Blitz August 22 Late 2023"]
[White "Ozkan, Taha"]
[Black "Bartel, Mateusz"]
[WhiteFideId "34577173"]
[BlackFideId "1112635"]
[WhiteElo "2598"]
[BlackElo "2838"]
[Result "1-0"]
[Round "9"]
[TimeControl "180+1"]
[Date "2023.08.22"]
[WhiteClock "0:01:34"]
[BlackClock "0:00:15"]
[Board "26"]

1. d4 f5 2. e4 fxe4 3. Nc3 Nf6 4. Bg5 c6 5. f3 d5 6. fxe4 dxe4 7. Bc4 b5 8. Bb3 b4 9. Na4 Bf5 10. Ne2 e6 11. O-O Bd6 12. Ng3 Bxg3 13. hxg3 Nbd7 14. Qe2 Qa5 15. Qc4 O-O 16. Nc5 Nxc5 17. Rxf5 Nd5 18. Rxf8+ Rxf8 19. Qxc5 Qc7 20. Bf4 Nxf4 21. gxf4 Qxf4 22. Bxe6+ Kh8 23. Qe5 Qf2+ 24. Kh1 Qxc2 25. Re1 Qxb2 26. Qxe4 Qf2 27. Bc4 a5 28. Rf1 Qxf1+ 29. Bxf1 Rxf1+ 30. Kh2 1-0


[Site "https://www.chess.com"]

[Event "Titled Tuesday Blitz August 22 Late 2023"]
[White "Leiva, Gianmarco"]
[Black "Loay, Sameer"]
[WhiteFideId "3804399"]
[BlackFideId "8104239"]
[WhiteElo "2758"]
[BlackElo "2545"]
[Result "1/2-1/2"]
[Round "9"]
[TimeControl "180+1"]
[Date "2023.08.22"]
[WhiteClock "0:00:11"]
[BlackClock "0:00:41"]
[Board "27"]

1. e4 g6 2. d4 Bg7 3. Nf3 d6 4. Bc4 Nf6 5. Qe2 O-O 6. h3 e5 7. dxe5 dxe5 8. O-O Nc6 9. c3 Qe7 10. b4 Be6 11. Nbd2 Rfd8 12. a4 Nh5 13. Bxe6 Qxe6 14. Nc4 Nf4 15. Bxf4 exf4 16. Rac1 a6 17. Rfe1 b5 18. axb5 axb5 19. Ncd2 Ra2 20. Red1 Ne5 21. Qxb5 Nd3 22. Ra1 Rxa1 23. Rxa1 Bxc3 24. Ra3 Bxd2 25. Rxd3 Rxd3 26. Qxd3 Bxb4 27. Qd8+ Bf8 28. Qxc7 Qxe4 29. Qxf7+ Kxf7 30. Ng5+ Kf6 31. Nxe4+ Kf5 32. f3 g5 33. Kf1 h5 34. Ke2 g4 35. Kd3 Bg7 36. Kc4 Ke5 37. Nf2 gxf3 38. gxf3 Kf5 39. Kd5 Kg5 40. Ke4 Kh4 41. Nd3 Bh6 42. Nxf4 Bxf4 43. Kxf4 Kxh3 44. Kg5 h4 45. f4 Kg3 46. f5 h3 47. f6 h2 48. f7 h1=Q 49. f8=Q Qh4+ 50. Kg6 Qg4+ 51. Kh7 Qh4+ 52. Kg8 Qg4+ 53. Kh8 Qh4+ 54. Kg8 Qg4+ 55. Kh7 Qh4+ 56. Kg7 Qg4+ 57. Kh8 Qh4+ 58. Kg8 1/2-1/2


[Site "https://www.chess.com"]

[Event "Titled Tuesday Blitz August 22 Late 2023"]
[White "Roebers, Eline"]
[Black "Ibarra Jerez, Jose Carlos"]
[WhiteFideId "1058401"]
[BlackFideId "2226332"]
[WhiteElo "2589"]
[BlackElo "2883"]
[Result "0-1"]
[Round "9"]
[TimeControl "180+1"]
[Date "2023.08.22"]
[WhiteClock "0:00:08"]
[BlackClock "0:00:51"]
[Board "28"]

1. e4 Nc6 2. Nf3 d6 3. Nc3 Nf6 4. d4 g6 5. Be3 Bg7 6. h3 O-O 7. Qd2 a6 8. O-O-O b5 9. Bd3 Nb4 10. Kb1 Nxd3 11. Qxd3 Bb7 12. d5 c6 13. a3 cxd5 14. exd5 Rc8 15. Bd4 Rc4 16. Rhe1 Qc7 17. b3 Rxd4 18. Nxd4 Nxd5 19. Nxd5 Bxd5 20. f3 Rc8 21. Re2 Qc5 22. Rdd2 e6 23. Ka2 Qb6 24. h4 b4 25. a4 Rc3 26. Re3 Rxd3 27. Rexd3 Qc5 28. Ne2 h5 29. c4 bxc3 30. Rc2 Qb4 0-1


[Site "https://www.chess.com"]

[Event "Titled Tuesday Blitz August 22 Late 2023"]
[White "Kozusek, Daniel"]
[Black "Mekhitarian, Krikor Sevag"]
[WhiteFideId "349500"]
[BlackFideId "2107660"]
[WhiteElo "2599"]
[BlackElo "2835"]
[Result "0-1"]
[Round "9"]
[TimeControl "180+1"]
[Date "2023.08.22"]
[WhiteClock "0:00:20"]
[BlackClock "0:01:11"]
[Board "29"]

1. d4 Nf6 2. c4 g6 3. g3 d5 4. cxd5 Nxd5 5. Bg2 Nb6 6. Nf3 Bg7 7. O-O Nc6 8. e3 e5 9. Nc3 exd4 10. exd4 O-O 11. Bg5 Qd7 12. Be3 Nc4 13. Qe2 Nxe3 14. fxe3 Re8 15. Qf2 Nd8 16. Ng5 c6 17. Rae1 Qe7 18. Nge4 f5 19. Nc5 Ne6 20. Nd3 Ng5 21. Nf4 Bd7 22. Qc2 Kh8 23. a3 Rad8 24. b4 Bc8 25. Nd3 Qc7 26. Nd5 Qd6 27. N5f4 Ne4 28. Nc5 Nf6 29. Qc4 Ng4 30. e4 Qxd4+ 31. Qxd4 Bxd4+ 32. Kh1 Nf2+ 33. Kg1 Nxe4+ 0-1


[Site "https://www.chess.com"]

[Event "Titled Tuesday Blitz August 22 Late 2023"]
[White "Willy, Stephen"]
[Black "Bauman_Guy"]
[WhiteFideId "30981468"]
[WhiteElo "2590"]
[BlackElo "2789"]
[Result "0-1"]
[Round "9"]
[TimeControl "180+1"]
[Date "2023.08.22"]
[WhiteClock "0:00:00"]
[BlackClock "0:01:05"]
[Board "30"]

1. e4 c5 2. c3 d5 3. exd5 Qxd5 4. d4 g6 5. Nf3 Bg7 6. Na3 Nf6 7. Bc4 Qh5 8. Qb3 O-O 9. Ne5 Nc6 10. Bxf7+ Kh8 11. Nxc6 bxc6 12. Bc4 Ng4 13. f3 Nxh2 14. Rg1 cxd4 15. Bd2 Qh4+ 16. Kd1 Bf5 17. Be1 Qf6 18. Bg3 dxc3 19. bxc3 Rad8+ 20. Ke2 Qg5 21. Be1 Nxf3 22. gxf3 Qxg1 23. Rd1 Bh3 24. Rxd8 Qf1+ 25. Ke3 Qxe1+ 26. Be2 Rxd8 27. Nc4 Bh6+ 28. f4 Qg3+ 29. Bf3 Bxf4+ 30. Ke2 Bf1+ 31. Kxf1 Qxf3+ 32. Kg1 Rd1+ 33. Qxd1 Qxd1+ 34. Kf2 Qd3 35. Na3 Qe3+ 36. Kg2 Qg3+ 37. Kf1 Qh2 38. Nb5 Bg3 0-1


[Site "https://www.chess.com"]

[Event "Titled Tuesday Blitz August 22 Late 2023"]
[White "Auger_Pi"]
[Black "Martinez Ramirez, Lennis"]
[BlackFideId "3509079"]
[WhiteElo "2585"]
[BlackElo "2731"]
[Result "0-1"]
[Round "9"]
[TimeControl "180+1"]
[Date "2023.08.22"]
[WhiteClock "0:01:29"]
[BlackClock "0:01:20"]
[Board "31"]

1. e4 c5 2. Nf3 Nc6 3. Bb5 g6 4. Bxc6 dxc6 5. d3 Bg7 6. h3 Qc7 7. a4 a5 8. Nc3 e5 9. Be3 b6 10. Qd2 Nf6 11. Bh6 O-O 12. Bxg7 Kxg7 13. O-O Nh5 14. Ne2 Rd8 15. Qc3 Re8 16. Kh2 Ba6 17. g4 Nf6 18. Ng3 h6 19. Nd2 g5 20. Nf5+ Kh7 21. Rh1 Bc8 22. Kg2 Bxf5 23. gxf5 Nh5 24. h4 g4 25. f3 Rg8 26. fxg4 Rxg4+ 27. Kf2 Rag8 28. Rag1 Qe7 29. Nf3 f6 30. Qb3 Nf4 31. Qxb6 Rg2+ 32. Rxg2 Rxg2+ 33. Kf1 Qg7 34. Qxc5 h5 35. Rg1 Kh6 36. Ke1 Qg3+ 0-1


[Site "https://www.chess.com"]

[Event "Titled Tuesday Blitz August 22 Late 2023"]
[White "Jaracz, Pawel"]
[Black "Principe, Gerson"]
[WhiteFideId "1102222"]
[BlackFideId "3804550"]
[WhiteElo "2728"]
[BlackElo "2585"]
[Result "1-0"]
[Round "9"]
[TimeControl "180+1"]
[Date "2023.08.22"]
[WhiteClock "0:00:10"]
[BlackClock "0:00:03"]
[Board "32"]

1. e4 c6 2. c4 d5 3. exd5 cxd5 4. cxd5 Qxd5 5. Nc3 Qd8 6. d4 Nf6 7. Nf3 e6 8. Bd3 Be7 9. O-O O-O 10. Re1 b6 11. Bg5 Bb7 12. Bc2 Nbd7 13. Qd3 Re8 14. Rad1 a6 15. h4 h6 16. Bxf6 Nxf6 17. Ne5 Rc8 18. Ng4 g6 19. Nxh6+ Kg7 20. Nxf7 Kxf7 21. Qxg6+ Kf8 22. Qh6+ Kf7 23. Qg6+ Kf8 24. Re3 Rxc3 25. bxc3 Qd5 26. Rg3 Rd8 27. Re1 Rd6 28. Re5 Qxa2 29. Qg7+ Ke8 30. Bg6+ Kd7 31. h5 Qa1+ 32. Kh2 Qc1 33. Ree3 Rd5 34. h6 Qd1 35. h7 Nxh7 36. Qxh7 Ra5 37. Qh3 Ra1 38. Qxe6+ Kc7 39. Qxe7+ Kb8 40. Rgf3 Qh1+ 41. Kg3 Ka7 42. Be4 1-0


[Site "https://www.chess.com"]

[Event "Titled Tuesday Blitz August 22 Late 2023"]
[White "Kochiev, Ivan"]
[Black "Matinian, Nikita"]
[WhiteFideId "2917890"]
[BlackFideId "24129100"]
[WhiteElo "2585"]
[BlackElo "2717"]
[Result "0-1"]
[Round "9"]
[TimeControl "180+1"]
[Date "2023.08.22"]
[WhiteClock "0:00:01"]
[BlackClock "0:00:42"]
[Board "33"]

1. e4 c5 2. Nf3 d6 3. d4 cxd4 4. Nxd4 Nf6 5. f3 Nc6 6. c4 Qb6 7. Nc2 g6 8. Nc3 Bg7 9. Bd3 Ne5 10. Qe2 Be6 11. Rb1 Rc8 12. b3 Nfd7 13. Na4 Nxd3+ 14. Qxd3 Bxc4 15. Qd2 Qa6 16. Kf2 Bb5 17. Nd4 Bxa4 18. bxa4 Qxa4 19. Ne2 Rc2 20. Qd5 Qd4+ 21. Qxd4 Bxd4+ 22. Ke1 Bb6 23. Bb2 O-O 24. Kd1 Rfc8 25. Rf1 Ne5 26. f4 Nd3 27. Rf3 Nxb2+ 0-1


[Site "https://www.chess.com"]

[Event "Titled Tuesday Blitz August 22 Late 2023"]
[White "Diaz Perez, Michel Alejandro"]
[Black "Kashefi, Amir Hosein"]
[WhiteFideId "3517179"]
[BlackFideId "12557935"]
[WhiteElo "2691"]
[BlackElo "2578"]
[Result "1-0"]
[Round "9"]
[TimeControl "180+1"]
[Date "2023.08.22"]
[WhiteClock "0:00:17"]
[BlackClock "0:00:00"]
[Board "34"]

1. d4 d5 2. c4 c6 3. Nf3 Nf6 4. Qc2 g6 5. Nbd2 Bg7 6. e3 O-O 7. Bd3 Nbd7 8. O-O Nb6 9. b3 Bg4 10. a4 Bxf3 11. Nxf3 a6 12. Ba3 Re8 13. h3 e6 14. Rab1 Bf8 15. Bxf8 Kxf8 16. Ne5 Nbd7 17. f4 Kg7 18. c5 Ng8 19. Qc3 f5 20. b4 Ngf6 21. b5 axb5 22. axb5 Qc7 23. b6 Qd8 24. Ra1 Qe7 25. Rxa8 Rxa8 26. Ra1 Rxa1+ 27. Qxa1 Nxe5 28. fxe5 Ne4 29. Bxe4 fxe4 30. Qa8 Kh6 31. Kh2 Kg5 32. Qc8 Kh6 33. Qc7 Qg7 34. h4 g5 35. h5 Qf8 36. Qxb7 Qf2 37. Qa6 Qh4+ 38. Kg1 Qe1+ 39. Qf1 Qxe3+ 40. Qf2 Qc1+ 41. Kh2 1-0


[Site "https://www.chess.com"]

[Event "Titled Tuesday Blitz August 22 Late 2023"]
[White "Salimova, Nurgyul"]
[Black "angelgab3"]
[WhiteFideId "2915138"]
[WhiteElo "2690"]
[BlackElo "2576"]
[Result "1-0"]
[Round "9"]
[TimeControl "180+1"]
[Date "2023.08.22"]
[WhiteClock "0:00:25"]
[BlackClock "0:00:08"]
[Board "35"]

1. d4 Nf6 2. Nf3 d5 3. Bf4 g6 4. e3 Bg7 5. h3 O-O 6. Nbd2 c5 7. c3 b6 8. Bd3 Bb7 9. O-O Nc6 10. Qe2 Nd7 11. Rad1 e5 12. dxe5 Ndxe5 13. Nxe5 Nxe5 14. Bc2 Qe7 15. Rfe1 Rad8 16. a4 Rfe8 17. a5 Bc6 18. axb6 axb6 19. Ra1 d4 20. cxd4 cxd4 21. Bb3 dxe3 22. Qxe3 Qc5 23. Qxc5 bxc5 24. Ra7 Rd7 25. Rxd7 Bxd7 26. Re3 Nc6 27. Ne4 Bd4 28. Re2 Kg7 29. Ba4 f5 30. Ng3 Rxe2 31. Nxe2 Bxb2 32. Be3 c4 33. Bb5 Ne5 34. Ba6 c3 35. Bd4 Kf6 36. f4 1-0


[Site "https://www.chess.com"]